 Dungeon Crawl Stone Soup version 0.20-a0-1122-gb7cbeb9 (webtiles) character file.

1559 nhferral the Spear-Bearer (level 8, 0/61 HPs)
             Began as a Merfolk Skald on May 7, 2017.
             Was a Follower of Qazlal.
             Slain by a slave (1 damage)
             ... led by Pikel
             ... on level 8 of the Dungeon on May 10, 2017.
             The game lasted 01:12:34 (5490 turns).

nhferral the Spear-Bearer (Merfolk Skald)           Turns: 5490, Time: 01:12:35

Health: 0/61       AC: 11    Str: 11    XL:     8   Next: 89%
Magic:  13/13      EV: 12    Int: 13    God:    Qazlal [*.....]
Gold:   266        SH:  2    Dex: 13    Spells: 10/13 levels left

rFire    + + .     SeeInvis .   p - +2 spear (chaos)
rCold    x . .     Gourm    .   (no shield)
rNeg     . . .     Faith    .   k - +0 ring mail
rPois    .         Spirit   .   B - +1 helmet
rElec    .         Reflect  .   i - +0 cloak
rCorr    .         Harm     .   j - +0 pair of gloves
MR       .....     Rnd*Tele +   r - +0 pair of boots
Stlth    +.........             (no amulet)
Regen    0.2/turn               m - ring of protection from fire
MPRegen  0.2/turn               v - ring of fire

@: drained
A: change form in water, swift swim, stealthy swim, blurry vision 1,
teleportitis 1, weak 1, wild magic 2
a: Renounce Religion


You were on level 8 of the Dungeon.
You worshipped Qazlal.
Qazlal was aware of your devotion.
You were hungry.

You visited 2 branches of the dungeon, and saw 9 of its levels.

You collected 266 gold pieces.

Inventory:

Hand Weapons
 p - a +2 spear of chaos (weapon)
 A - a +0 spear
 C - a +1 spear of chaos
 F - a +1 spear of chaos
Missiles
 t - 3 javelins (quivered)
Armour
 b - a +0 leather armour
 i - a +0 cloak (worn)
 j - a +0 pair of gloves (worn)
 k - a +0 ring mail (worn)
 r - a +0 pair of boots (worn)
 B - a +1 helmet (worn)
Jewellery
 m - a ring of protection from fire (left hand)
 v - a ring of fire (right hand)
Wands
 f - a wand of digging (8/24)
 l - a wand of iceblast (9/15)
 n - a wand of random effects (29/48)
Scrolls
 e - a scroll of remove curse
 g - a scroll of enchant armour {unknown}
 h - a scroll of random uselessness {unknown}
 o - 2 scrolls of fog {unknown}
 s - 2 scrolls of amnesia
 u - 5 scrolls of identify {unknown}
 w - a scroll of teleportation
 y - 3 scrolls of magic mapping {unknown}
 G - a scroll of recharging {unknown}
Potions
 a - a potion of haste
 D - 2 potions of might {unknown}
Books
 c - a book of Battle

   Spells                             Type                      Level
   a - Infusion                       Charms                       1
   b - Shroud of Golubria             Charms/Translocation         2
   c - Song of Slaying                Charms                       2
   d - Spectral Weapon                Hexes/Charms                 3
   e - Regeneration                   Charms/Necromancy            3
 q - Jessica's Disquisition on Hexes
   (You found it on level 2 of the Dungeon)

   Spells                             Type                      Level
   a - Confusing Touch                Hexes                        1
   b - Corona                         Hexes                        1
 z - a book of Geomancy

   Spells                             Type                      Level
   a - Sandblast                      Earth                        1
   b - Passwall                       Transmutation/Earth          2
   c - Stone Arrow                    Conjuration/Earth            3
   d - Petrify                        Transmutation/Earth          4
   e - Lee's Rapid Deconstruction     Earth                        5
Comestibles
 d - 3 bread rations
 x - 4 royal jellies


   Skills:
 + Level 4.8(4.3) Fighting
 + Level 9.6(9.0) Polearms
 + Level 3.3(2.8) Armour
 + Level 5.1(4.6) Dodging
 + Level 2.9(2.5) Stealth
 + Level 3.3(2.9) Spellcasting
 + Level 4.9(4.4) Charms


You had 10 spell levels left.
You knew the following spells:

 Your Spells              Type           Power        Failure   Level  Hunger
a - Infusion              Chrm           ###.         19%         1    #......
b - Song of Slaying       Chrm           ###.....     26%         2    ###....


Dungeon Overview and Level Annotations

Branches:
Dungeon (8/15)             Temple (1/1) D:5
   Lair: D:8-11

Altars:
Ashenzari
Dithmenos
Elyvilon
Fedhas
Gozag
Makhleb
Nemelex Xobeh
Okawaru
Qazlal
Ru
Sif Muna
Trog
Vehumet
Xom
Yredelemnul
Zin
The Shining One

Shops:
D:5 *

Annotations:
D:8 Pikel


Innate Abilities, Weirdness & Mutations

You revert to your normal form in water.
You are very nimble and swift while swimming.
You are very stealthy in the water. (Stealth+)
Scrolls take you a little longer to read.
You are occasionally teleported next to monsters.
You are weak. (Str -2)
Your spells are harder to cast, but more powerful.


Message History

The centaur completely misses you.
You closely miss Pikel.
Pikel is lightly wounded.
The centaur hits you.
* * * LOW HITPOINT WARNING * * *
Pikel hits you with a whip of freezing.
* * * LOW HITPOINT WARNING * * *
Pikel freezes you.
* * * LOW HITPOINT WARNING * * *
The centaur barely misses you. Pikel hits you with a whip of freezing.
* * * LOW HITPOINT WARNING * * *
Pikel freezes you.
* * * LOW HITPOINT WARNING * * *
The slave shouts!
The centaur wields an uncursed shortbow.
The centaur shoots an arrow.
The arrow completely misses you.
The orc wizard hits you but does no damage.
You block the gnoll's attack. Pikel hits you but does no damage.
The slave hits you.
You die...

#K# #.# #p# #g#
##.#####.# #
#.......>.
#.######.########
#....coKp######
#>##o.o@g......
#o#######... #. #
.. ... [..o ..%..
##....


You could see Pikel, 2 slaves, a centaur, an orc priest, 2 orc wizards, 2 gnolls
and an orc.

Vanquished Creatures
  The ghost of astralcataclysm the Ruffian, an amateur DrTm (D:5)
  A black bear (D:5)
  A sky beast (D:3)
  A slave (D:8)
  2 ogres
  A necrophage (D:5)
  A bullfrog (D:3)
  A scorpion (D:6)
  2 wights (D:6)
  3 howler monkeys (D:7)
  A bullfrog zombie (D:6)
  A crimson imp (D:5)
  A jelly (D:5)
  An orc priest (D:7)
  3 hounds
  An orc wizard (D:4)
  Jessica (D:2)
  The ghost of astralcataclysm the Ruffian, a weakling NaTm (D:4)
  2 hound skeletons
  A worker ant zombie (D:5)
  Robin (D:3)
  2 gnolls (D:8)
  9 adders
  6 oozes
  2 adder zombies
  An adder skeleton (D:7)
  2 worms
  3 dart slugs
  A leopard gecko (D:3)
  15 orcs
  6 giant cockroaches
  10 goblins
  10 hobgoblins
  14 jackals
  10 kobolds
  3 quokkas
  A ball python (D:3)
  11 bats
  7 frilled lizards
  A giant cockroach zombie (D:5)
  A quokka zombie (D:6)
  7 rats
150 creatures vanquished.

Notes
Turn   | Place    | Note
-------+----------+-------------------------------------------
     0 | D:1      | nhferral the Merfolk Skald began the quest for the Orb.
     0 | D:1      | Reached XP level 1. HP: 16/16 MP: 3/3
   126 | D:1      | Reached XP level 2. HP: 18/22 MP: 1/5
   546 | D:1      | Reached XP level 3. HP: 19/28 MP: 6/6
   995 | D:2      | Reached skill level 4 in Polearms
   995 | D:2      | Reached skill level 1 in Armour
  1054 | D:2      | Reached XP level 4. HP: 12/34 MP: 2/7
  1636 | D:2      | Noticed Jessica
  1651 | D:2      | Killed Jessica
  1659 | D:2      | Identified Jessica's Disquisition on Hexes
  1869 | D:2      | Reached XP level 5. HP: 40/40 MP: 3/8
  2258 | D:3      | Reached skill level 5 in Polearms
  2384 | D:3      | Learned a level 2 spell: Song of Slaying
  2454 | D:3      | Noticed a sky beast
  2492 | D:3      | Killed a sky beast
  2492 | D:3      | Reached XP level 6. HP: 25/47 MP: 0/9
  2602 | D:3      | Reached skill level 6 in Polearms
  2719 | D:3      | Noticed Robin
  2742 | D:3      | Killed Robin
  3008 | D:3      | Found an opulent altar of Gozag.
  3622 | D:4      | Noticed astralcataclysm's ghost (weakling NaTm)
  3630 | D:4      | Killed astralcataclysm's ghost
  3630 | D:4      | Reached XP level 7. HP: 52/52 MP: 3/11
  3890 | D:4      | Found a shimmering altar of Xom.
  3903 | D:4      | Became a worshipper of Xom of Chaos
  4032 | D:4      | XOM: divination: magic mapping
  4063 | D:4      | Reached skill level 7 in Polearms
  4168 | D:4      | XOM: medium Air miscast
  4170 | D:5      | Entered Level 5 of the Dungeon
  4184 | D:5      | XOM: draining
  4228 | D:5      | XOM: polymorph adder -> jelly
  4231 | D:5      | Noticed astralcataclysm's ghost (amateur DrTm)
  4261 | D:5      | Killed astralcataclysm's ghost
  4261 | D:5      | Reached skill level 8 in Polearms
  4261 | D:5      | Reached skill level 1 in Stealth
  4264 | D:5      | Gained mutation: You are occasionally teleported next to monsters. [potion of mutation]
  4264 | D:5      | Gained mutation: You possess an exceptional clarity of mind. [potion of mutation]
  4264 | D:5      | Lost mutation: You possess an exceptional clarity of mind. [potion of mutation]
  4264 | D:5      | Gained mutation: Your spells are a little harder to cast, but a little more powerful. [potion of mutation]
  4346 | D:5      | Found a staircase to the Ecumenical Temple.
  4357 | Temple   | XOM: stealth player
  4357 | Temple   | Entered the Ecumenical Temple
  4432 | Temple   | XOM: stat loss: -1 Int (12/13)
  4437 | Temple   | Fell from the grace of Xom
  4437 | Temple   | Became a worshipper of Qazlal Stormbringer
  4457 | D:5      | Reached XP level 8. HP: 51/60 MP: 9/12
  4575 | D:5      | XOM: give mutations
  4575 | D:5      | Gained mutation: You are weak. (Str -2) [Xom's mischief]
  4575 | D:5      | Gained mutation: Scrolls take you a little longer to read. [Xom's mischief]
  4679 | D:5      | XOM: give mutation
  4679 | D:5      | Gained mutation: Your spells are harder to cast, but more powerful. [Xom's mischief]
  4802 | D:5      | Found Lakkuse's Luxury Loot.
  4823 | D:5      | You fall through a shaft!
  4940 | D:6      | Reached * piety under Qazlal
  5255 | D:7      | XOM: noise
  5280 | D:7      | Reached skill level 9 in Polearms
  5294 | D:7      | Reached skill level 5 in Dodging
  5390 | D:7      | Upgraded the game from 0.20-a0-1116-gaa52201 to 0.20-a0-1122-gb7cbeb9
  5452 | D:8      | Noticed Pikel
  5488 | D:8      | HP: 3/61 [Pikel/whip of freezing (3)]
  5489 | D:8      | HP: 1/61 [Pikel/whip of freezing (1)]
  5490 | D:8      | Slain by a slave

Vault maps used:
D:1:      erik_arrival_gehennom
D:2:      lemuel_coloured_pillars_altar, grunt_decor_mini_mirrors,
          kennysheep_jessica_study
D:3:      grunt_gozag_statues, uniq_jessica, uniq_robin
D:4:      marbit_many_paths, first_bread, tgw_xom
D:5:      black_bear_nest_2, temple_green, gup_sewer_entry_glass,
          kennysheep_nondescript, nicolae_alphabet_shops,
          hangedman_abyss_or_decor_slice, uniq_blork_the_orc
D:6:      lemuel_round_altar, kennysheep_little_box, serial_glass,
          glass_columns_a, glass_columns_c, glass_columns_a, glass_columns_b,
          glass_columns_a
D:7:      grunt_livestock
D:8:      lemuel_doored_altar, erik_lair_island, uniq_pikel
Temple:   nicolae_temple_x_marks_the_god

Skill      XL: |  1  2  3  4  5  6  7  8 |
---------------+-------------------------+-----
Charms         | 4 |  4.9
Polearms       | 4 5 6 8 9 |  9.6
Armour         | 1 2 3 |  3.3
Dodging        | 3 4 5 |  5.1
Fighting       | 3 4 |  4.8
Stealth        | 1 2 |  2.9
Spellcasting   | 3 |  3.3

Action                   |  1- 3 |  4- 6 |  7- 9 || total
-------------------------+-------+-------+-------++-------
Melee: Spear             |   170 |   334 |   253 ||   757
 Cast: Infusion          |     2 |    12 |     7 ||    21
       Song of Slaying   |       |     3 |     2 ||     5
  Use: Scroll            |     4 |     2 |       ||     6
       Potion            |       |     1 |     4 ||     5
 Stab: Sleeping          |       |       |     1 ||     1
       Paralysed         |       |       |     2 ||     2
       Petrifying        |       |       |     1 ||     1
  Eat: Bread ration      |       |     1 |     1 ||     2
       Chunk             |       |     5 |     2 ||     7
Armor: Leather armour    |    18 |       |       ||    18
       Ring mail         |    14 |    82 |    70 ||   166
       Chain mail        |       |    20 |       ||    20
       Skin              |       |     2 |       ||     2
Dodge: Dodged            |    92 |   129 |    72 ||   293
Block: Other             |       |       |     9 ||     9
